 Dungeon Crawl Stone Soup version 0.20-a0-1124-g2e29d97 (webtiles) character file.

107 poirepourri the Shield-Bearer (level 4, 0/41 HPs)
             Began as a Minotaur Fighter on May 15, 2017.
             Slain by an orc warrior
             ... wielding a +4 long sword
              (16 damage)
             ... on level 3 of the Dungeon.
             The game lasted 00:03:49 (1908 turns).

poirepourri the Shield-Bearer (Minotaur Fighter)    Turns: 1908, Time: 00:03:50

Health: 0/41       AC: 10    Str: 21    XL:     4   Next: 57%
Magic:  3/3        EV:  6    Int:  5    God:
Gold:   154        SH: 10    Dex: 10    Spells: 3/3 levels left

rFire    . . .     SeeInvis .   a - +0 war axe
rCold    . . .     Gourm    .   c - +1 shield
rNeg     . . .     Faith    .   o - +0 chain mail
rPois    .         Spirit   .   (helmet restricted)
rElec    .         Reflect  .   b - +0 cloak
rCorr    .         Harm     .   (no gloves)
MR       .....                  (no boots)
Stlth    ..........             (no amulet)
Regen    0.2/turn               (no ring)
MPRegen  0.1/turn               (no ring)

@: no status effects
A: retaliatory headbutt, horns 2
a: no special abilities


You were on level 3 of the Dungeon.
You were not hungry.

You visited 1 branch of the dungeon, and saw 3 of its levels.

You collected 154 gold pieces.

Inventory:

Hand Weapons
 a - a +0 war axe (weapon)
Missiles
 l - 49 bolts
Armour
 b - a +0 cloak (worn)
 c - a +1 shield (worn)
 o - a +0 chain mail (worn)
Scrolls
 e - a scroll of fear
 h - 2 scrolls of recharging
 k - a scroll of amnesia
Potions
 d - a potion of might
 g - 5 potions of brilliance
 i - a potion of magic
 j - a potion of ambrosia {unknown}
 m - a potion of flight {unknown}
 n - a potion of degeneration {unknown}
 p - a potion of heal wounds {unknown}
Comestibles
 f - 2 bread rations


   Skills:
 + Level 4.4 Fighting
 + Level 4.0 Axes
 - Level 3.6 Armour
 + Level 1.0 Dodging
 + Level 4.6 Shields


You had 3 spell levels left.
You didn't know any spells.

Dungeon Overview and Level Annotations

Branches:
Dungeon (3/15)

Altars:
Gozag
Xom


Innate Abilities, Weirdness & Mutations

You reflexively headbutt those who attack you in melee.
You have a pair of horns on your head.


Message History

You hit the orc wizard. Your headbutt misses the orc wizard.
The orc wizard is severely wounded.
You barely miss the orc warrior.
The orc wizard hits you but does no damage.
The orc warrior hits you with an enchanted long sword.
You block the orc wizard's attack.
You miss the orc wizard.
The orc wizard is severely wounded.
You hit the orc warrior but do no damage.
The orc wizard casts a spell at you. The puff of frost hits you!
The orc warrior hits you but does no damage.
The orc wizard hits you but does no damage.
You block the orc warrior's attack.
You closely miss the orc wizard. Your headbutt misses the orc wizard.
The orc wizard is severely wounded.
You closely miss the orc warrior.
The orc wizard hits you but does no damage. x2
The orc warrior hits you with an enchanted long sword!
You die...

.#.#,********,,,,,,,* *,*
....,,,,,,>**#.*****####**,**
.#.#,,****** #.#####....,,,,*
.#.#..# ####.........,,,,,*
.#.#..## #..........#*****,*
.......# #..........# *,*
.......# #.!........# *,*
.......# #..........# *,*
.......* #.....@....# *,*
##.#..#* #....oo....# *,*
#*,#..#####......###.# *,*
##.#..†..........# #.# *,*
##.#.............###.# *,*
.#.#.)............##.# *,*
.#.#..............+..# *,*
.#.#.......#......#..# *,*
.#.##(...............# *,*


You could see an orc warrior and an orc wizard.

Vanquished Creatures
  An adder (D:3)
  4 dart slugs
  A leopard gecko (D:3)
  6 orcs (D:3)
  A ball python (D:2)
  8 bats
  2 giant cockroaches
  6 goblins
  8 hobgoblins
  12 jackals
  2 quokkas
  4 frilled lizards
  13 kobolds
  9 rats
77 creatures vanquished.

Notes
Turn   | Place    | Note
-------+----------+-------------------------------------------
     0 | D:1      | poirepourri the Minotaur Fighter began the quest for the Orb.
     0 | D:1      | Reached XP level 1. HP: 19/19 MP: 0/0
   165 | D:1      | Reached XP level 2. HP: 25/27 MP: 1/1
   747 | D:2      | Found an opulent altar of Gozag.
   780 | D:2      | Reached XP level 3. HP: 33/33 MP: 2/2
   788 | D:2      | Found a shimmering altar of Xom.
  1224 | D:3      | Reached XP level 4. HP: 41/41 MP: 3/3
  1897 | D:3      | Noticed an orc warrior
  1898 | D:3      | Reached skill level 1 in Dodging
  1908 | D:3      | Slain by an orc warrior

Vault maps used:
D:1:      doesnt_arrival_goblin_jail, minmay_misc_feat_ornament, hex_large
D:2:      lemuel_crystal_altar, first_bread, xom_teletrap_fun

Skill      XL: |  1  2  3  4 |
---------------+-------------+-----
Fighting       | 4 |  4.4
Shields        | 4 |  4.6
Axes           | 3 4 |  4.0
Dodging        | 1 |  1.0
Armour         | |  3.6

Action                   |  1- 3 |  4- 6 || total
-------------------------+-------+-------++-------
Melee: War axe           |    83 |    55 ||   138
       Headbutt          |    17 |     7 ||    24
  Use: Scroll            |     6 |     3 ||     9
  Eat: Bread ration      |     1 |       ||     1
Armor: Scale mail        |    45 |       ||    45
       Chain mail        |       |    47 ||    47
Dodge: Dodged            |    35 |    26 ||    61
Block: Shield            |    55 |    51 ||   106
